 Dungeon Crawl Stone Soup version 0.16-a0-967-g37ceb3c (webtiles) character file.

32 JacquesDerrida the Insei (level 3, 0/26 HPs)
             Began as a Demonspawn Transmuter on Oct 1, 2014.
             Slain by an adder (3 damage)
             ... on Level 3 of the Dungeon.
             The game lasted 00:03:29 (1037 turns).

JacquesDerrida the Insei (Demonspawn Transmuter)    Turns: 1037, Time: 00:03:29

HP   0/26        AC  4     Str 15      XL: 3   Next:  8%
MP   6/6         EV 11     Int 14      God:
Gold 85          SH  0     Dex 14      Spells:  1 memorised,  5 levels left

rFire  . . .     SeeInvis .       - Unarmed
rCold  . . .     Clarity  .     g - +0 leather armour
rNeg   . . .     rCorr    .     (no shield)
rPois  .         rRot     .     (helmet restricted)
rElec  .         Spirit   .     (no cloak)
SustAb .         Warding  .     (no gloves)
rMut   .         Stasis   .     (no boots)
Gourm  .                        (no amulet)
MR     .....                    (no ring)
                                f - ring of regeneration

@: mighty, lethally poisoned, not resistant to hostile enchantments, very
unstealthy
A: horns 1, rugged brown scales 1
a: no special abilities


You were on level 3 of the Dungeon.
You were not hungry.

You visited 1 branch of the dungeon, and saw 3 of its levels.

You collected 85 gold pieces.

Inventory:

Missiles
 b - 12 arrows
 k - 10 poisoned needles
Armour
 c - a +0 robe
 g - a +0 leather armour (worn)
Comestibles
 a - 2 bread rations
Scrolls
 j - a scroll of immolation {unknown}
Jewellery
 f - a ring of regeneration (left hand)
Books
 d - a book of Changes

   Spells                             Type                      Level
   *Beastly Appendage                 Transmutation                1
   Sticks to Snakes                   Transmutation                2
   Spider Form                        Transmutation/Poison         3
   Ice Form                           Ice/Transmutation            4
   Blade Hands                        Transmutation                5


   Skills:
 - Level 1.0 Fighting
 - Level 1.7 Dodging
 + Level 3.9 Unarmed Combat
 - Level 2.0 Spellcasting
 - Level 1.7 Transmutations


You had 5 spell levels left.
You knew the following spells:

 Your Spells              Type           Power        Failure   Level  Hunger
a - Beastly Appendage     Trmt           #.....       14%         1    ##.....


Dungeon Overview and Level Annotations

Branches:
Dungeon (3/15)

Altars:
Kikubaaqudgha


Innate Abilities, Weirdness & Mutations

You have a pair of small horns on your head.
You are partially covered in rugged brown scales (AC +1, +3% HP).


Message History

Unknown command.
Drink which item? (? for menu, Esc to quit)
You feel very mighty all of a sudden.
It was a potion of might.
* * * LOW HITPOINT WARNING * * *
You feel sick. The adder barely misses you.
Drink which item? (? for menu, Esc to quit)
The horns on your head grow some more.
You feel fantastic!
It was a potion of beneficial mutation.
* * * LOW HITPOINT WARNING * * *
You feel sick. The adder closely misses you.
Drink which item? (? for menu, Esc to quit)
It has a very clean taste.
The horns on your head shrink a bit.
It was a potion of cure mutation.
* * * LOW HITPOINT WARNING * * *
You feel sick. The adder bites you.
* * * LOW HITPOINT WARNING * * *
The adder bites you.
You die...

##.## #.## #...# ... #
#...# ##.##... #...# #....
.# ###### #)..# #..#
.##.......
#...#######..###..#.......
.........#.....#.# .......
.............#..###.......#
.........#..)...@#........#
....#.#####......S#.......#
....#.# ####.####.......
....#.# #.# ####### ....#.#
###.# .....<# #%..# .######
##### .. .#


You could see an adder.

Vanquished Creatures
  A giant gecko (D:2)
  3 giant cockroaches
  2 hobgoblins (D:1)
  3 jackals (D:2)
  4 bats
  A giant newt (D:3)
  5 goblins
  4 kobolds
  7 rats
30 creatures vanquished.

Notes
Turn   | Place    | Note
--------------------------------------------------------------
     0 | D:1      | JacquesDerrida, the Demonspawn Transmuter, began the quest for the Orb.
     0 | D:1      | Reached XP level 1. HP: 15/15 MP: 3/3
   260 | D:1      | Reached skill level 3 in Unarmed Combat
   437 | D:1      | Gained mutation: You are partially covered in rugged brown scales (AC +1, +3% HP). [demonic ancestry]
   437 | D:1      | Reached XP level 2. HP: 9/21 MP: 2/4
   824 | D:2      | Found an ancient bone altar of Kikubaaqudgha.
   977 | D:3      | Gained mutation: You have a pair of small horns on your head. [demonic ancestry]
   977 | D:3      | Reached XP level 3. HP: 26/26 MP: 4/6
  1036 | D:3      | Gained mutation: You have a pair of horns on your head. [potion of beneficial mutation]
  1037 | D:3      | Lost mutation: You have a pair of horns on your head. [potion of cure mutation]
  1037 | D:3      | Slain by an adder

Action                   || total
-------------------------++-------
Melee: Unarmed           ||   109
 Cast: Beastly Appendage ||    14
  Use: Potion            ||     3
  Eat: Chunk             ||     1
